 Dungeon Sprint DCSS version 0.29-a0-359-g541a27f54d (webtiles) character file.

Game seed: 13681943863931582380

162 Zeldest the Ruffian (level 5, -4/44 HPs)
             Began as a Demonspawn Fighter on Apr 28, 2022.
             Was an Initiate of Jiyva.
             Slain by a two-headed ogre
             ... wielding a +0 giant club
              (13 damage)
             ... in the Dungeon (Sprint IX: "|||||||||||||||||||||||||||||").
             The game lasted 00:00:44 (116 turns).

Zeldest the Ruffian (Demonspawn Fighter)             Turns: 116, Time: 00:00:44

Health: -4/44      AC: 19    Str: 19    XL:     5   Next: 19%
Magic:  5/5        EV:  5    Int: 10    God:    Jiyva [......]
Gold:   0          SH:  5    Dex: 14    Spells: 4/4 levels left

rFire   . . .      SeeInvis .     - Unarmed
rCold   . . .      Faith    .   b - +0 buckler
rNeg    . . .      Spirit   .   m - +0 plate armour
rPois   .          Reflect  .   l - +0 helmet
rElec   .          Harm     .   (no cloak)
rCorr   .          Rampage  .   (no gloves)
Will    .....      NoTele   +   (no boots)
Stlth   ..........              (no amulet)
HPRegen 0.14/turn               n - +3 ring of strength
MPRegen 0.09/turn               (no ring)

@: mighty, sanguine armoured, hasted, invisible, very quick
A: powered by pain 1, sanguine armour 1
a: Renounce Religion


You were in the Dungeon.
You worshipped Jiyva.
Jiyva was noncommittal.
You visited 1 branch

Inventory:

Armour
 a - a +0 scale mail
 b - a +0 buckler (worn)
 l - a +0 helmet (worn)
 m - a +0 plate armour (worn)
Jewellery
 n - a +3 ring of strength (left hand)
Wands
 k - a wand of acid (10)
Scrolls
 i - 2 scrolls of blinking
 j - 2 scrolls of amnesia
Potions
 d - 5 potions of curing
 e - 3 potions of heal wounds
 g - 4 potions of magic


   Skills:
 + Level 5.5 Fighting
 + Level 5.0 Armour
 + Level 5.0 Shields
 * Level 6.3 Unarmed Combat


You had 4 spell levels left.
You didn't know any spells.
Your spell library was empty.

Dungeon Overview and Level Annotations

Branches:
Dungeon (1/1)

Altars:
Cheibriados
Dithmenos
Elyvilon
Fedhas
Gozag
Hepliaklqana
Kikubaaqudgha
Makhleb
Nemelex Xobeh
Okawaru
Qazlal
Ru
Sif Muna
Trog
Uskayaw
Vehumet
Wu Jian
Xom
Yredelemnul
Zin
The Shining One
Beogh
Jiyva
Lugonu


Innate Abilities, Weirdness & Mutations

You sometimes gain a little power by taking damage.
When seriously injured, your blood forms armour. (AC +6)


Message History

The two-headed ogre shouts in stereo!
The yak bellows!
The acid dragon roars!
The wyvern hisses angrily.
The two-headed ogre hits you but does no damage.
The two-headed ogre barely misses you.
You barely miss the two-headed ogre.
The two-headed ogre is lightly wounded.
The two-headed ogre shouts in stereo!
The yak bellows!
The acid dragon roars!
The wyvern hisses angrily.
You punch the two-headed ogre!
The two-headed ogre is moderately wounded.
The two-headed ogre shouts in stereo!
The yak bellows!
The wyvern hisses angrily.
You hit the two-headed ogre.
The two-headed ogre is moderately wounded.
The two-headed ogre shouts in stereo!
The yak bellows!
The acid dragon roars!
The wyvern hisses angrily.
The two-headed ogre shouts in stereo!
The yak bellows!
The wyvern hisses angrily.
The two-headed ogre barely misses you.
The two-headed ogre hits you with a +0 dire flail!
* * * LOW HITPOINT WARNING * * *
There is an open door to the Dungeon, spattered with blood here.
The acid dragon roars!
You punch the two-headed ogre!
The two-headed ogre is heavily wounded.
The yak bellows!
The acid dragon roars!
The wyvern hisses angrily.
The wyvern hisses angrily.
You punch the two-headed ogre!
The two-headed ogre is severely wounded.
The two-headed ogre shouts in stereo!
The yak bellows!
You catch the helpless two-headed ogre completely off-guard!
You punch the two-headed ogre!
The two-headed ogre is almost dead.
The two-headed ogre shouts in stereo!
The acid dragon roars!
The wyvern hisses angrily.
You barely miss the two-headed ogre.
The two-headed ogre is almost dead.
The yak bellows!
The acid dragon roars!
The wyvern hisses angrily.
The two-headed ogre hits you with a +0 giant club!
You die... ▓▓▓▓▓▓▓▓▓▓▓▓▓▓▓▓▓▓▓▓▓▓▓▓ +cOYDlO@.=.[..)..'______ ▓▓▓▓▓▓▓▓▓▓▓▓▓▓▓▓▓▓▓▓▓▓▓▓

You could see 2 two-headed ogres, a yak (wandering, can't see you), a wyvern (wandering, can't see you), an acid dragon (wandering, can't see you) and a centaur (can't see you).

Vanquished Creatures
  A gnoll sergeant (D)
  A scorpion (D)
  A hound (D)
  An adder (D)
  An ufetubus (D)
  2 endoplasms (D)
  A hobgoblin (D)
  A kobold (D)
  A rat (D)
10 creatures vanquished.

Vanquished Creatures (others)
  2 great orbs of eyes (D)
  A wizard (D)
  2 slime creatures (D)
  A yak (shapeshifter) (D)
  A floating eye (shapeshifter) (D)
7 creatures vanquished.

Grand Total: 17 creatures vanquished

Notes
Turn   | Place    | Note
-------+----------+-------------------------------------------
     0 | D        | Zeldest the Demonspawn Fighter began the quest for the Orb.
     0 | D        | Reached XP level 1. HP: 18/18 MP: 1/1
     7 | D        | Reached skill level 2 in Unarmed Combat
    26 | D        | Noticed a gnoll sergeant
    26 | D        | Noticed a scorpion
    26 | D        | Noticed a hound
    29 | D        | Reached skill level 3 in Unarmed Combat
    29 | D        | Gained mutation: When seriously injured, your blood forms
                  | armour. (AC +6) [demonic ancestry]
    29 | D        | Reached XP level 2. HP: 21/24 MP: 2/2
    30 | D        | Reached skill level 4 in Unarmed Combat
    30 | D        | Reached XP level 3. HP: 26/30 MP: 3/3
    34 | D        | Killed a scorpion
    35 | D        | Reached skill level 5 in Fighting
    35 | D        | Reached skill level 5 in Unarmed Combat
    35 | D        | Reached XP level 4. HP: 18/39 MP: 4/4
    41 | D        | Killed a gnoll sergeant
    42 | D        | Reached skill level 5 in Armour
    42 | D        | Reached skill level 5 in Shields
    42 | D        | Reached skill level 6 in Unarmed Combat
    42 | D        | Gained mutation: You sometimes gain a little power by
                  | taking damage. [demonic ancestry]
    42 | D        | Reached XP level 5. HP: 14/44 MP: 5/5
    47 | D        | Found a snail-covered altar of Cheibriados.
    47 | D        | Found a shadowy altar of Dithmenos.
    47 | D        | Found a blossoming altar of Fedhas.
    47 | D        | Found an opulent altar of Gozag.
    48 | D        | Found a hazy altar of Hepliaklqana.
    49 | D        | Found a viscous altar of Jiyva.
    50 | D        | Found an ancient bone altar of Kikubaaqudgha.
    51 | D        | Found a corrupted altar of Lugonu.
    52 | D        | Found a burning altar of Makhleb.
    53 | D        | Found a sparkling altar of Nemelex Xobeh.
    54 | D        | Found an iron altar of Okawaru.
    55 | D        | Found a stormy altar of Qazlal.
    56 | D        | Found a sacrificial altar of Ru.
    57 | D        | Became a worshipper of Jiyva Javamm the Shapeless
    57 | D        | Killed a slime creature
    58 | D        | Found a shimmering blue altar of Sif Muna.
    58 | D        | Killed a great orb of eyes
    59 | D        | Found a bloodstained altar of Trog.
    59 | D        | Killed a great orb of eyes
    59 | D        | Killed a slime creature
    60 | D        | Found a hide-covered altar of Uskayaw.
    61 | D        | Found a radiant altar of Vehumet.
    62 | D        | Found an ornate altar of the Wu Jian Council.
    62 | D        | Killed a floating eye
    63 | D        | Found a shimmering altar of Xom.
    64 | D        | Found a basalt altar of Yredelemnul.
    95 | D        | Killed a wizard
    99 | D        | Killed a yak
   107 | D        | Noticed a two-headed ogre
   107 | D        | Noticed a centaur
   107 | D        | Noticed a yak
   107 | D        | Noticed an acid dragon
   107 | D        | Noticed a wyvern
   107 | D        | Noticed a two-headed ogre
   116 | D        | Slain by a two-headed ogre

Illustrated notes

Levels and vault maps discovered:
D:        linesprint [early_d, line_temple, items_1, d_10, items_2, lair_1,
          lair_end, items_3, orc_1, orc_end, items_4, d_15, swamp_1, shoals_1,
          snake_1, spider_1, d_20, vaults_1, items_5, swamp_end, shoals_end,
          snake_end, spider_end, vaults_end, d_27, items_6, zot_1, zot_end,
          crypt_end, forest_end, elf_end, slime_end, tomb_end, abyss_end,
          pan_hell_end]

Skill      XL: |  1  2  3  4 |
---------------+-------------+-----
Unarmed Combat | 3 4 5 6 |  6.3
Shields        | 3 4 5 |  5.0
Armour         | 3 4 5 |  5.0
Fighting       | 4 5 |  5.5

Action                   |  1- 3 |  4- 6 || total
-------------------------+-------+-------++-------
Melee: Unarmed           |    23 |    14 ||    37
  Use: Potion            |     1 |     3 ||     4
 Stab: Invisible         |       |     1 ||     1
Armor: Scale mail        |     7 |     2 ||     9
       Plate armour      |       |     1 ||     1
Dodge: Dodged            |     3 |     3 ||     6
Block: Buckler           |     4 |     1 ||     5

Table legend: (Time is in decaauts)
 A = Elapsed time spent in this place.
 B = Non-inter-level travel time spent in this place.
 C = Inter-level travel time spent in this place.
 D = Time resting spent in this place.
 E = Time spent auto-exploring this place.
 F = Levels seen in this place.
 G = Mean time per level.
                   A        B        C        D        E       F      G
               +--------+--------+--------+--------+--------+-----+--------+
         Total |    121 |    121 |      0 |      0 |      0 |   1 |  121.0 |
       Dungeon |    121 |    121 |      0 |      0 |      0 |   1 |  121.0 |
               +--------+--------+--------+--------+--------+-----+--------+

Top non-repeatable levels by time:
       D: 121 daAuts
